 Dungeon Crawl Stone Soup version 0.22.1-2-g9c5b331 (webtiles) character file.

2433 whitewolfNL the Basher (level 9, -8/74 HPs)
             Began as a Minotaur Berserker on Nov 27, 2018.
             Was a High Priest of Trog.
             Mangled by a cyan ugly thing (16 damage)
             ... on level 9 of the Dungeon.
             The game lasted 00:28:14 (6890 turns).

whitewolfNL the Basher (Minotaur Berserker)         Turns: 6890, Time: 00:28:16

Health: -8/74      AC: 17    Str: 29    XL:     9   Next: 24%
Magic:  10/10      EV:  9    Int:  5    God:    Trog [*****.]
Gold:   361        SH:  0    Dex: 11    Spells: 8/8 levels left

rFire    . . .     SeeInvis .   r - +8 rapier "Toekka" {pierce, *Noise +Inv Str+6}
rCold    . . .     Gourm    +   (no shield)
rNeg     . . .     Faith    .   o - +0 plate armour
rPois    .         Spirit   .   (helmet restricted)
rElec    .         Reflect  .   B - +2 cloak
rCorr    .         Harm     .   z - +0 pair of gloves
MR       .....                  (no boots)
Stlth    ..........             m - amulet of the gourmand
HPRegen  0.22/turn              (no ring)
MPRegen  0.12/turn              (no ring)

@: berserk cooldown
A: retaliatory headbutt, horns 2
a: Berserk, Trog's Hand, Brothers in Arms, Renounce Religion, Evoke Invisibility


You were on level 9 of the Dungeon.
You worshipped Trog.
Trog was extremely pleased with you.
You were very full.

You visited 1 branch of the dungeon, and saw 9 of its levels.

You collected 361 gold pieces.

Inventory:

Hand Weapons
 n - a +0 hunting sling
 r - the +8 rapier "Toekka" (weapon) {pierce, *Noise +Inv Str+6}
   (You found it on level 4 of the Dungeon)

   It inflicts extra damage upon your enemies.
   It affects your strength (+6).
   It lets you turn invisible.
   It may make noises in combat.
 y - a +1 flail of protection
 A - a +0 arbalest
Missiles
 b - 69 arrows
 i - 240 stones (quivered)
 v - 12 sling bullets
Armour
 o - a +0 plate armour (worn)
 z - a +0 pair of gloves (worn)
 B - a +2 cloak (worn)
Jewellery
 m - an amulet of the gourmand (around neck)
Wands
 h - a wand of random effects (30)
 w - a wand of clouds (6)
Scrolls
 a - a scroll of magic mapping {unknown}
 d - 2 scrolls of amnesia {unknown}
 f - 3 scrolls of remove curse
 j - a scroll of immolation {unknown}
 p - 3 scrolls of teleportation {unknown}
 q - 10 scrolls of identify {unknown}
 s - 4 scrolls of enchant armour {unknown}
 C - a scroll of fog {unknown}
Potions
 e - 5 potions of curing {unknown}
 g - a potion of resistance {unknown}
 k - a potion of brilliance {unknown}
 l - a potion of agility {unknown}
 t - a potion of haste {unknown}
 u - 2 potions of heal wounds {unknown}
 x - 2 potions of lignification {unknown}
Comestibles
 c - 14 rations


   Skills:
 + Level 5.3 Fighting
 * Level 5.8 Short Blades
 * Level 8.3 Maces & Flails
 * Level 7.2 Armour
 * Level 4.8 Dodging
 * Level 3.2 Stealth
 * Level 2.8 Evocations


You had 8 spell levels left.
You didn't know any spells.
Your spell library was empty.

Dungeon Overview and Level Annotations

Branches:
Dungeon (9/15)             Temple (0/1) D:6
   Lair: D:8-11         Orc: D:9-12

Altars:
Ashenzari
Dithmenos
Gozag
Hepliaklqana
Okawaru
Qazlal
Wu Jian
Zin


Innate Abilities, Weirdness & Mutations

You reflexively headbutt those who attack you in melee.
You have a pair of horns on your head.


Message History

You completely miss the cyan ugly thing.
The cyan ugly thing is heavily wounded.
The cyan ugly thing stings you but does no damage.
You puncture the cyan ugly thing! You headbutt the cyan ugly thing!
The cyan ugly thing is severely wounded.
The cyan ugly thing stings you but does no damage.
You hit the cyan ugly thing.
The cyan ugly thing is severely wounded.
The cyan ugly thing closely misses you.
You puncture the cyan ugly thing!
Your headbutt misses the cyan ugly thing.
The cyan ugly thing is almost dead.
The cyan ugly thing stings you but does no damage.
You closely miss the cyan ugly thing.
Your headbutt misses the cyan ugly thing.
The cyan ugly thing is almost dead.
The cyan ugly thing stings you.
* * * LOW HITPOINT WARNING * * *
The cyan ugly thing shocks you!
You die...

.................## #.#.........
.................# ##...........
................## #............
.##..........#### #............
.###......#### ##............
.########## ##............. ..#
##........%..... ..##
###).............. ...###
##@uZ#.............
.....##########..###.............
................## ##............
...##########..## ##...........
...# #..# ###......... ...# #..#
##........ ...# ##.# ##..... ...#
#.# ...# #..


You could see a cyan ugly thing and a hound zombie.

Vanquished Creatures
  A hippogriff (D:9)
  Menkaure (D:6)
  A hungry ghost (D:7)
  Edmund (D:5)
  A water moccasin (D:6)
  A black bear (D:6)
  2 ice beasts
  2 phantoms
  An ogre (D:7)
  A centaur (D:6)
  A bullfrog (D:6)
  A water moccasin zombie (D:5)
  3 killer bees (D:9)
  A scorpion (D:7)
  A howler monkey (D:5)
  2 crimson imps
  4 hounds
  2 orc wizards
  3 orc priests (D:4)
  Crazy Yiuf (D:6)
  A centaur skeleton (D:9)
  An iguana (D:4)
  5 worker ants
  A hound zombie (D:6)
  Robin (D:2)
  7 adders
  4 gnolls (D:7)
  A shadow imp (D:6)
  2 oozes
  2 adder zombies
  4 worms
  2 dart slugs
  8 leopard geckos
  18 orcs
  2 ball pythons
  4 giant cockroaches
  13 goblins
  9 hobgoblins
  3 jackals (D:2)
  6 quokkas
  7 bats
  10 frilled lizards
  A giant cockroach zombie (D:6)
  2 kobolds (D:2)
  A quokka skeleton (D:4)
  14 rats
160 creatures vanquished.

Notes
Turn   | Place    | Note
-------+----------+-------------------------------------------
     0 | D:1      | whitewolfNL the Minotaur Berserker began the quest for the
                  | Orb.
     0 | D:1      | Reached XP level 1. HP: 19/19 MP: 0/0
   258 | D:1      | Reached skill level 4 in Maces & Flails
   258 | D:1      | Reached XP level 2. HP: 27/27 MP: 1/1
   741 | D:2      | Reached XP level 3. HP: 33/33 MP: 2/2
   799 | D:2      | Reached ** piety under Trog
   841 | D:2      | Reached XP level 4. HP: 18/40 MP: 3/3
  1347 | D:2      | Reached skill level 5 in Maces & Flails
  1510 | D:2      | Noticed Robin
  1520 | D:2      | Killed Robin
  1530 | D:2      | Reached skill level 1 in Stealth
  1687 | D:2      | Found an opulent altar of Gozag.
  1687 | D:2      | Found an ornate altar of the Wu Jian Council.
  1866 | D:3      | Reached XP level 5. HP: 46/46 MP: 4/4
  1922 | D:3      | Reached *** piety under Trog
  2183 | D:3      | Found a faded altar of an unknown god.
  2520 | D:4      | Got a blackened rapier
  2660 | D:4      | Found a glowing silver altar of Zin.
  2693 | D:4      | Reached skill level 6 in Maces & Flails
  2693 | D:4      | Reached XP level 6. HP: 53/53 MP: 5/5
  2708 | D:4      | Identified the +8 rapier "Toekka" {pierce, *Noise +Inv
                  | Str+6} (You found it on level 4 of the Dungeon)
  3136 | D:4      | Found a shadowy altar of Dithmenos.
  3141 | D:4      | Reached skill level 1 in Evocations
  3487 | D:5      | Entered Level 5 of the Dungeon
  3512 | D:5      | Noticed Edmund
  3532 | D:5      | Killed Edmund
  3532 | D:5      | Reached XP level 7. HP: 60/60 MP: 6/6
  3553 | D:5      | Reached skill level 1 in Short Blades
  3553 | D:5      | Reached skill level 7 in Maces & Flails
  3658 | D:5      | Found a shattered altar of Ashenzari.
  3890 | D:5      | Reached skill level 5 in Armour
  4395 | D:6      | Found an iron altar of Okawaru.
  4400 | D:6      | Found a stormy altar of Qazlal.
  4403 | D:6      | Found a hazy altar of Hepliaklqana.
  4420 | D:6      | Reached **** piety under Trog
  4445 | D:6      | Noticed Menkaure
  4449 | D:6      | Killed Menkaure
  4449 | D:6      | Reached XP level 8. HP: 67/67 MP: 8/8
  4926 | D:6      | Found a staircase to the Ecumenical Temple.
  4930 | D:6      | Reached skill level 5 in Fighting
  4976 | D:6      | Reached skill level 8 in Maces & Flails
  5153 | D:6      | Found a runed door.
  5158 | D:6      | Noticed Crazy Yiuf
  5160 | D:6      | Killed Crazy Yiuf
  5927 | D:7      | Reached skill level 5 in Short Blades
  6253 | D:7      | Reached XP level 9. HP: 74/74 MP: 9/9
  6790 | D:9      | Reached ***** piety under Trog
  6859 | D:9      | Noticed a cyan ugly thing
  6890 | D:9      | Mangled by a cyan ugly thing

Skill      XL: |  1  2  3  4  5  6  7  8  9 |
---------------+----------------------------+-----
Maces & Flails | 4 5 6 7 8 |  8.3
Fighting       | 4 5 |  5.3
Armour         | 3 4 5 6 7 |  7.2
Stealth        | 1 2 3 |  3.2
Dodging        | 3 4 |  4.8
Evocations     | 1 2 |  2.8
Short Blades   | 2 5 |  5.8

Action                   |  1- 3 |  4- 6 |  7- 9 || total
-------------------------+-------+-------+-------++-------
Melee: Mace              |    32 |       |       ||    32
       Whip              |     8 |       |       ||     8
       Flail             |     4 |   120 |       ||   124
       Headbutt          |     2 |    16 |    26 ||    44
       Rapier            |       |    24 |   130 ||   154
Invok: Berserk           |     3 |     5 |     6 ||    14
 Abil: Evoke Invisibilit |       |       |     1 ||     1
  Use: Scroll            |     1 |     1 |     1 ||     3
  Eat: Chunk             |    10 |    20 |    22 ||    52
Armor: Ring mail         |    13 |    14 |       ||    27
       Animal skin       |     3 |       |       ||     3
       Plate armour      |       |    49 |   101 ||   150
Dodge: Dodged            |    20 |    69 |    92 ||   181
